 Seeded DCSS version 0.27.1-2-g3b301248ec (webtiles) character file.

Game seed: 14551798346683263451 (custom seed)

62 babuloseo the Shield-Bearer (level 4, 0/35 HPs)
             Began as a Human Fighter on Oct 1, 2021.
             Was an Initiate of Gozag.
             Slain by a hobgoblin (1 damage)
             ... on level 4 of the Dungeon.
             The game lasted 00:01:48 (2056 turns).

babuloseo the Shield-Bearer (Human Fighter)         Turns: 2056, Time: 00:01:49

Health: 0/35       AC:  6    Str: 17    XL:     4   Next: 28%
Magic:  4/4        EV:  7    Int:  9    God:    Gozag
Gold:   74         SH:  9    Dex: 12    Spells: 3/3 levels left

rFire    . . .     SeeInvis .   a - +0 trident
rCold    . . .     Faith    .   c - +0 kite shield
rNeg     . . .     Spirit   .   k - +0 scale mail
rPois    .         Reflect  .   (no helmet)
rElec    .         Harm     .   (no cloak)
rCorr    .         Rampage  .   (no gloves)
Will     .....                  (no boots)
Stlth    ..........             (no amulet)
HPRegen  0.11/turn              (no ring)
MPRegen  0.09/turn              (no ring)

@: gold aura
A: no striking features
a: Renounce Religion, Potion Petition, Call Merchant, Bribe Branch


You were on level 4 of the Dungeon.
You worshipped Gozag.
Gozag was noncommittal.
You visited 1 branch of the dungeon, and saw 4 of its levels.

You collected 100 gold pieces.
You paid 26 gold pieces to Gozag.

Inventory:

Hand Weapons
 a - a +0 trident (weapon)
Missiles
 g - 8 javelins (quivered)
Armour
 b - a +0 scale mail
 c - a +0 kite shield (worn)
 k - a +0 scale mail (worn)
Scrolls
 e - a scroll of magic mapping {unknown}
 h - a scroll of torment {unknown}
 i - 2 scrolls of enchant armour {unknown}
 j - 3 scrolls of identify {unknown}
 o - a scroll of blinking {unknown}
Potions
 d - a potion of might
 f - a potion of ambrosia {unknown}
 l - 2 potions of curing {unknown}
 m - 3 potions of attraction {unknown}
 n - a potion of degeneration {unknown}


   Skills:
 + Level 3.4 Fighting
 * Level 3.0 Polearms
 + Level 3.3 Armour
 + Level 3.4 Shields


You had 3 spell levels left.
You didn't know any spells.
Your spell library was empty.

Dungeon Overview and Level Annotations

Branches:
Dungeon (4/15)
 Temple: D:4-7

Altars:
Gozag
Qazlal

Annotations:
D:2 1 runed translucent door, Crazy Yiuf


Message History

You hit the iguana.
The iguana is severely wounded.
The iguana bites you. x2
You barely miss the iguana.
The iguana is severely wounded.
The iguana barely misses you.
You barely miss the iguana.
The iguana is severely wounded.
The iguana closely misses you. The iguana bites you.
Your shield and scale mail prevent you from hitting the iguana.
The iguana is severely wounded.
The iguana barely misses you.
You closely miss the iguana.
The iguana is severely wounded.
The iguana bites you but does no damage.
You hit the iguana but do no damage.
The iguana is severely wounded.
You block the iguana's attack.
The iguana bites you but does no damage.
You completely miss the iguana.
The iguana is severely wounded.
The iguana bites you.
You closely miss the iguana.
The iguana is severely wounded.
The iguana closely misses you. The iguana barely misses you.
You completely miss the iguana.
The iguana is severely wounded.
The iguana bites you.
You hit the iguana.
The iguana is almost dead.
The iguana barely misses you.
You barely miss the iguana.
The iguana is almost dead.
You block the iguana's attack. The iguana bites you!
* * * LOW HITPOINT WARNING * * *
You hit the iguana.
You kill the iguana!
The hobgoblin hits you.
You die...
Your body crumbles into a pile of gold.

#.......##... ..#
#........... #.#
#.......# #.#
#.......##.. #.#
.######...##..# #
#.# ......#.......#
#.#<#
#####.#.##>#.##
##.#.# #.#g##.#.#
#....#
#####.#@##.#.#
#.###.##
#.....#.##.#.# ##.#
#.#####.##.#.# ##.
#.........#.########
#.
##########.....(...#
##. #########.###.#
#.....#.##.##
.......#.#...#
#.......#.###.#


You could see a hobgoblin.

Vanquished Creatures
  An iguana (D:4)
  An adder (D:2)
  An adder skeleton (D:2)
  A worm (D:3)
  2 dart slugs
  4 orcs (D:3)
  4 bats
  3 endoplasms
  A giant cockroach (D:1)
  3 goblins
  5 hobgoblins
  3 kobolds
  A quokka (D:2)
  4 ball pythons
  2 frilled lizards (D:1)
  2 rats (D:2)
38 creatures vanquished.

Notes
Turn   | Place    | Note
-------+----------+-------------------------------------------
     0 | D:1      | babuloseo the Human Fighter began the quest for the Orb.
     0 | D:1      | Reached XP level 1. HP: 18/18 MP: 1/1
   101 | D:1      | Reached XP level 2. HP: 19/24 MP: 2/2
   579 | D:2      | Found a stormy altar of Qazlal.
   593 | D:2      | Reached XP level 3. HP: 11/29 MP: 3/3
   871 | D:2      | Found a runed translucent door.
   872 | D:2      | Noticed Crazy Yiuf
  1039 | D:2      | Found Gisot's Antique Weapon Boutique.
  1166 | D:3      | Reached XP level 4. HP: 28/35 MP: 4/4
  1347 | D:3      | Found a faded altar of an unknown god.
  1781 | D:3      | Found an opulent altar of Gozag.
  1795 | D:3      | Became a worshipper of Gozag Ym Sagoz the Greedy
  2055 | D:4      | HP: 1/35 [iguana (11)]
  2056 | D:4      | Slain by a hobgoblin

Illustrated notes

Levels and vault maps discovered:
D:1:      lemuel_arrival_river_bridge, layout_rooms
D:2:      layout_loops_cross, basic_altar, serial_shops, shop,
          minmay_goblin_kobold_house, uniq_crazy_yiuf_cottage, uniq_robin
D:3:      layout_basic, grunt_gozag_breadcrumbs,
          hellmonk_ecumenical_altar_heavens_door
D:4:      layout_loops_ring, zin_treasury, elyvilon_altar_3,
          nzn_wu_jian_contemplation, serial_co_window_serial,
          co_window_corner_a, co_window_corner_a, co_window_of_opportunity_a,
          co_window_corner_a, co_window_paths_a, co_window_corner_b,
          co_window_paths_c, co_window_2corner, co_window_paths_c,
          co_window_of_opportunity_b, co_window_of_opportunity_c,
          co_window_of_opportunity_c, glass_columns_a, glass_columns_c

Skill      XL: |  1  2  3  4 |
---------------+-------------+-----
Polearms       | 3 |  3.0
Fighting       | |  3.4
Armour         | |  3.3
Shields        | |  3.4

Action                   |  1- 3 |  4- 6 || total
-------------------------+-------+-------++-------
Melee: Trident           |    96 |    33 ||   129
Armor: Scale mail        |    43 |     6 ||    49
Dodge: Dodged            |    25 |     8 ||    33
Block: Kite shield       |    45 |     9 ||    54
